 Dungeon Crawl Stone Soup version 0.23.1-37-gaa34b87b72 (webtiles) character file.

Game seed: 7678494271563182962

476 OdinFK the Magician (level 6, -8/32 HPs)
             Began as a Deep Elf Fire Elementalist on Mar 20, 2019.
             Killed by nerve-wracking pain
             ... invoked by Grinder
              (10 damage)
             ... on level 4 of the Dungeon.
             The game lasted 00:11:51 (2210 turns).

OdinFK the Magician (Deep Elf Fire Elementalist)    Turns: 2210, Time: 00:11:52

Health: -8/32      AC:  4    Str:  5    XL:     6   Next: 84%
Magic:  1/16       EV: 14    Int: 22    God:
Gold:   156        SH:  0    Dex: 15    Spells: 4/16 levels left

rFire    . . .     SeeInvis .   b - +3 dagger (speed)
rCold    . . .     Gourm    .   (no shield)
rNeg     . . .     Faith    .   a - +0 robe
rPois    .         Spirit   .   (no helmet)
rElec    .         Reflect  .   o - +0 cloak
rCorr    .         Harm     .   (no gloves)
MR       .....                  n - +0 pair of boots (curse)
Stlth    +++.......             (no amulet)
HPRegen  0.10/turn              f - ring of stealth
MPRegen  0.15/turn              (no ring)

@: very slightly contaminated
A: no striking features
a: no special abilities


You were on level 4 of the Dungeon.
You were hungry.

You visited 1 branch of the dungeon, and saw 4 of its levels.

You collected 156 gold pieces.

Inventory:

Hand Weapons
 b - a +3 dagger of speed (weapon)
 m - a +1 dagger of venom
Armour
 a - a +0 robe (worn)
 n - a cursed +0 pair of boots (worn)
 o - a +0 cloak (worn)
Jewellery
 f - a ring of stealth (left hand)
 h - an uncursed ring of ice
Scrolls
 d - 2 scrolls of immolation
 g - 4 scrolls of identify
 i - a scroll of teleportation
 j - 2 scrolls of remove curse
 k - 3 scrolls of magic mapping
 q - a scroll of enchant weapon {unknown}
 r - a scroll of amnesia {unknown}
Potions
 e - a potion of haste {unknown}
 l - a potion of mutation {unknown}
 p - a potion of degeneration {unknown}
 s - a potion of resistance {unknown}
Comestibles
 c - 12 rations
 t - 5 chunks of flesh


   Skills:
 + Level 0.1 Fighting
 - Level 1.0 Short Blades
 + Level 3.4 Dodging
 - Level 2.4 Stealth
 + Level 5.6 Spellcasting
 * Level 4.6 Conjurations
 + Level 5.1 Fire Magic


You had 4 spell levels left.
You knew the following spells:

 Your Spells              Type           Power        Failure   Level  Hunger
a - Flame Tongue          Conj/Fire      ####.        1%          1    None
b - Throw Flame           Conj/Fire      ####..       1%          2    None
c - Sticky Flame          Conj/Fire      ####....     13%         4    ####...
d - Fireball              Conj/Fire      ####......   34%         5    #####..

Your spell library contained the following spells:

 Spells                   Type           Power        Failure   Level  Hunger
 Conjure Flame            Conj/Fire      ####....     3%          3    ##.....
 Inner Flame              Hex/Fire       ###.....     10%         3    ##.....


Dungeon Overview and Level Annotations

Branches:
Dungeon (4/15)
 Temple: D:4-7

Altars:
Okawaru

Annotations:
D:4 Grinder


Message History

Press: ? - help, Shift-Dir - straight line, f/p - Grinder
Aim: Grinder (moderately wounded)
You miscast Sticky Flame.
You are very lightly contaminated with residual magic.
You feel uncomfortably hot.
You are feeling hungry.
Grinder hits you but does no damage. Grinder gestures at you.
Pain shoots through your body! Grinder gestures at you.
Pain shoots through your body!
* * * LOW HITPOINT WARNING * * *
Okay, then.
You aren't carrying any items that you can evoke.
As you read the scroll of teleportation, it crumbles to dust.
You feel strangely unstable.
Your surroundings seem slightly different.
Grinder gestures at you. Pain shoots through your body!
You die...

#..... #..............###. #
#.?.# #.# #..........).
#(##...######.#####..........#)
#...........................##)
####...###...§.....###....).)..
##.## #...............#.###.
####...###5........###...#.# ##
.........†..........# #.##..#
##.#...!###....@....# #.##.##
#..#..## #.........# #.##.#
#.#.######.........# #.##.#
#.#.###.........÷[.# #. .
..........########
######............
#............ #......######
#......#


You could see Grinder.

Vanquished Creatures
  Menkaure (D:4)
  An ogre (D:4)
  Blork the orc (D:4)
  An orc wizard (D:2)
  A worker ant (D:4)
  5 adders
  3 worms
  2 dart slugs
  7 leopard geckos
  8 orcs
  3 ball pythons
  3 giant cockroaches
  8 goblins
  6 hobgoblins
  14 jackals
  A quokka (D:2)
  3 bats (D:1)
  3 frilled lizards
  6 kobolds
  4 rats
81 creatures vanquished.

Notes
Turn   | Place    | Note
-------+----------+-------------------------------------------
     0 | D:1      | OdinFK the Deep Elf Fire Elementalist began the quest for
                  | the Orb.
     0 | D:1      | Reached XP level 1. HP: 10/10 MP: 6/6
    65 | D:1      | Reached XP level 2. HP: 15/15 MP: 1/8
    72 | D:1      | Learned a level 2 spell: Throw Flame
   548 | D:1      | Reached XP level 3. HP: 19/19 MP: 6/10
   936 | D:2      | Reached XP level 4. HP: 24/24 MP: 4/12
   942 | D:2      | Learned a level 4 spell: Sticky Flame
  1299 | D:3      | Found a faded altar of an unknown god.
  1452 | D:3      | Reached XP level 5. HP: 24/28 MP: 0/13
  1674 | D:3      | Found an iron altar of Okawaru.
  1947 | D:4      | Noticed an ogre
  1952 | D:4      | Killed an ogre
  1965 | D:4      | Learned a level 5 spell: Fireball
  1984 | D:4      | Noticed Blork the orc
  1990 | D:4      | Killed Blork the orc
  1990 | D:4      | Reached skill level 5 in Spellcasting
  1990 | D:4      | Reached XP level 6. HP: 32/32 MP: 3/15
  2059 | D:4      | Noticed Menkaure
  2146 | D:4      | Killed Menkaure
  2146 | D:4      | Reached skill level 1 in Short Blades
  2146 | D:4      | Reached skill level 5 in Fire Magic
  2170 | D:4      | Noticed Grinder
  2177 | D:4      | Paralysed by Grinder for 4 turns
  2206 | D:4      | HP: 1/32 [Grinder/nerve-wracking pain (12)]
  2210 | D:4      | Killed from afar by Grinder

Skill      XL: |  1  2  3  4  5  6 |
---------------+-------------------+-----
Fire Magic     | 4 5 |  5.1
Conjurations   | 2 4 |  4.6
Dodging        | 3 |  3.4
Spellcasting   | 4 5 |  5.6
Short Blades   | 1 |  1.0
Fighting       | |  0.1
Stealth        | |  2.4

Action                   |  1- 3 |  4- 6 || total
-------------------------+-------+-------++-------
Melee: Dagger            |    29 |    47 ||    76
 Cast: Flame Tongue      |    34 |    50 ||    84
       Throw Flame       |    15 |    20 ||    35
       Sticky Flame      |       |     2 ||     2
       Fireball          |       |     2 ||     2
  Use: Scroll            |       |     5 ||     5
 Stab: Sleeping          |     3 |     1 ||     4
  Eat: Chunk             |       |     5 ||     5
Armor: Robe              |     3 |     9 ||    12
Dodge: Dodged            |    25 |    40 ||    65
